Unix NetHack Version 3.7.0-50 Work-in-progress - last build Mar 1 2022 18:03:48 (3214c02c36e7653d92696a1813e68efb70587e3e,branch:master). Game began 2022-03-02 12:58:01, ended 2022-03-02 13:02:50. mmj, lawful female dwarven Archeologist --- --- -------- ------ -------..----- ---.---..|.|.--- -.....................|---------- |....|.....>...| # --------....|......||.---..........--..| |%%.|....-...._.||.............--|..| |%%.-....|......||.............| --.| | |----....---------............-| --.| |..-+-|...................-.-........--|..-- --+-.....---|-------------.|.............|-...| |.............|..|...| |...|.-...---..-|...-- -+------..{...|..|...+ |...|.......-----...| |......--|-...| |..................-- +.............-----.........-.---....| |..--|---|-...@'....|................| -.. .. ..|-+---+--......--..---....-- .. |[%!|..| |..--.----..||....| ... |)%*|..| |..|..| |.----.|.---- ... -------- |.----- --- --|....| ---- --- ---..| ---- Mmj the Digger St:16 Dx:9 Co:12 In:16 Wi:16 Ch:11 Lawful Dlvl:7 $:2080 HP:0(23) Pw:2(2) AC:3 Xp:2/35 T:1423 Burdened Latest messages: You finish eating the coyote corpse. You hear someone cursing shoplifters. This door is locked. Unlock it with your key? [yn] (n) y You succeed in unlocking the door. The door opens. You swap places with the peaceful gnome. You stop. The gnome is in the way! You swap places with the peaceful gnome. Ouch! You bump into a door. The door opens. You hear a chugging sound. The door resists! The door opens. The priest of Quetzalcoatl intones: "Pilgrim, you enter a sacred place!" You experience a sense of peace. You hear someone beseeching Quetzalcoatl. You hear someone praising Quetzalcoatl. You hear a door open. You hear someone beseeching Quetzalcoatl. What do you want to eat? [dpw or ?*] p This lichen corpse tastes okay. You stop eating the lichen corpse. You miss the lichen. You kill the lichen! The straw golem hits! The straw golem misses! You see here a lichen corpse. You have a little trouble lifting y - a lichen corpse. The straw golem hits! The straw golem hits! The straw golem hits! The straw golem hits! You miss the straw golem. The straw golem hits! The straw golem hits! You lash the straw golem. You lash the straw golem. The straw golem hits! The straw golem hits! You hear the chime of a cash register. You lash the straw golem. The straw golem hits! The straw golem hits! You lash the straw golem. The straw golem hits! The straw golem hits! You die... Do you want your possessions identified? [ynq] (y) q Major events: Turn 1: mmj the lawful female dwarven Archeologist entered the dungeon 1196: reached Mine Town 1423: killed by a straw golem Inventory: Coins $ - 2080 gold pieces Weapons a - a blessed +2 bullwhip (weapon in hand) Armor q - an uncursed +0 orcish helm (being worn) b - an uncursed +0 leather jacket s - an uncursed corroded +0 plate mail (being worn) Comestibles d - 2 uncursed food rations w - an uncursed acid blob corpse p - an uncursed partly eaten lichen corpse y - an uncursed lichen corpse Scrolls t - an uncursed scroll of create monster Spellbooks n - an uncursed spellbook of levitation Potions v - an uncursed potion of gain ability Rings j - an uncursed ring of aggravate monster (on right hand) Tools h - an empty uncursed sack x - an uncursed magic whistle i - an uncursed oil lamp e - a +0 pick-axe (alternate weapon; not wielded) l - a cursed skeleton key f - a tinning kit (0:40) Gems/Stones m - an uncursed worthless piece of violet glass g - an uncursed touchstone Mmj the Archeologist's attributes: Background: You were a Digger, a level 2 female dwarven Archeologist. You were lawful, nominally on a mission for Quetzalcoatl who was opposed by Camaxtli (neutral) and Huhetotl (chaotic). You were in the Gnomish Mines, on level 7. You entered the dungeon 1423 turns ago. There was a new moon in effect when your adventure ended. You had 35 experience points, 5 more were needed to attain level 3. Basics: You had 0 out of 23 hit points. You had both energy points (spell power). Your armor class was 3. Your wallet contained 2080 zorkmids. Autopickup was on for '$' plus thrown. Final Characteristics: Your strength was 16 (limit:18/100). Your dexterity was 9 (limit:20). Your constitution was 12 (limit:20). Your intelligence was 16 (limit:16). Your wisdom was 16 (limit:16). Your charisma was 11 (limit:16). Final Status: You were not hungry. You were burdened; movement was slightly slowed. You were wielding a whip. You had basic skill with whip. Final Attributes: You were devoutly aligned. You had infravision. You were stealthy. You aggravated monsters. You were guarded. You were fast. You are dead. Miscellaneous: You encountered 1 bones level. Total elapsed playing time was 4 minutes and 49 seconds. Vanquished creatures: an acid blob a coyote 3 geckos 4 jackals a fox a goblin 2 grid bugs 5 lichens 7 newts 25 creatures vanquished. No species were genocided or became extinct. Voluntary challenges: You were an atheist. You read items or engraved 1 time. You never engraved Elbereth. You never genocided any monsters. You never polymorphed an object. You never changed form. You used no wishes. Achievements: You entered a shop. You entered the Gnomish Mines. You entered Minetown. You entered a temple. The Dungeons of Doom: levels 1 to 3 Level 1: A fountain. Level 2: A fountain. Level 3: A potion shop, a fountain. Stairs down to The Gnomish Mines. The Gnomish Mines: levels 4 to 7 Level 4: Final resting place for wbn-Ran-Elf-Mal-Cha, killed by a gnome lord. Level 5: Level 6: Level 7: <- You were here. A temple to Quetzalcoatl, a fountain, a tree. Final resting place for you, killed by a straw golem. Game over: ---------- / \ / REST \ / IN \ / PEACE \ / \ | mmj | | 2080 Au | | killed by a | | straw golem | | | | | | 2022 | *| * * * | * _________)/\\_//(\/(/\)/\//\/|_)_______ Goodbye mmj the Archeologist... You died in The Gnomish Mines on dungeon level 7 with 2312 points, and 2080 pieces of gold, after 1423 moves. You were level 2 with a maximum of 23 hit points when you died.